 Dungeon Crawl Stone Soup version 0.25-a0-1079-g858b6a6ff6 (webtiles) character file.

Game seed: 7838621187383872944, levelgen mode: deterministic

193 Esekla the Magician (level 5, -5/33 HPs)
             Began as an Octopode Wizard on May 15, 2020.
             Slain by a centaur (6 damage)
             ... on level 6 of the Dungeon.
             The game lasted 00:16:13 (2872 turns).

Esekla the Magician (Octopode Wizard)               Turns: 2872, Time: 00:16:13

Health: -5/33      AC:  1    Str:  7    XL:     5   Next: 72%
Magic:  10/11      EV: 13    Int: 21    God:
Gold:   114        SH:  0    Dex: 10    Spells: 3/12 levels left

rFire    . . .     SeeInvis .   e - +2 dagger (elec)
rCold    . . .     Gourm    .   (no shield)
rNeg     . . .     Faith    .   a - +0 hat
rPois    .         Spirit   .   (no amulet)
rElec    .         Reflect  .   (no ring)
rCorr    .         Harm     .   (no ring)
MR       .....                  (no ring)
Stlth    +++.......             (no ring)
HPRegen  0.11/turn              (no ring)
MPRegen  0.12/turn              (no ring)
                                (no ring)
                                (no ring)

@: no status effects
A: almost no armour, stealthy swim, amphibious, 8 rings, constrict 8, camouflage
1, gelatinous body 1
a: no special abilities


You were on level 6 of the Dungeon.
You were not hungry.

You visited 1 branch of the dungeon, and saw 6 of its levels.

You collected 114 gold pieces.

Inventory:

Hand Weapons
 e - a +2 dagger of electrocution (weapon)
 m - a +0 falchion
Missiles
 d - 24 poisoned darts (quivered)
Armour
 a - a +0 hat (worn)
Scrolls
 b - a scroll of blinking {unknown}
 f - a scroll of magic mapping {unknown}
 g - a scroll of teleportation {unknown}
 j - 2 scrolls of identify {unknown}
 k - a scroll of vulnerability {unknown}
Potions
 h - a potion of curing
 i - 2 potions of stabbing {unknown}
 l - 2 potions of mutation {unknown}
Comestibles
 c - 5 rations


   Skills:
 * Level 1.3 Fighting
 * Level 1.3 Short Blades
 + Level 2.3 Dodging
 - Level 2.6 Stealth
 * Level 4.3 Spellcasting
 + Level 1.5 Conjurations
   Level 1.0 Summonings
 * Level 1.9 Translocations
 * Level 1.0 Air Magic
 * Level 1.5 Poison Magic


You had 3 spell levels left.
You knew the following spells:

 Your Spells              Type           Power        Failure   Level  Hunger
a - Magic Dart            Conj           ##..         6%          1    None
b - Blink                 Tloc           N/A          8%          2    #......
c - Mephitic Cloud        Conj/Pois/Air  ##......     21%         3    ##.....
f - Conjure Flame         Conj/Fire      #.......     26%         3    ##.....

Your spell library contained the following spells:

 Spells                   Type           Power        Failure   Level  Hunger
 Call Imp                 Summ           #.......     12%         2    #......
 Slow                     Hex            #.......     17%         2    #......


Dungeon Overview and Level Annotations

Branches:
Dungeon (6/15)
 Temple: D:4-7

Altars:

Annotations:
D:4 Menkaure


Innate Abilities, Weirdness & Mutations

You cannot wear most types of armour.
You are very stealthy in the water. (Stealth+)
You are amphibious.
You can wear up to eight rings at the same time.
You can use your tentacles to constrict eight enemies at once.
Your skin changes colour to match your surroundings (Stealth+).
Your rubbery body absorbs attacks. (AC +1, EV +1)


Message History

The centaur misses you.
You hit the centaur but do no damage.
The centaur is moderately wounded.
The centaur closely misses you. The centaur hits you.
You hit the centaur. Lightning courses through the centaur!
The centaur is almost dead.
The centaur closely misses you.
Casting: Magic Dart (safe; 6% risk of failure)
Confirm with . or Enter, or press ? or * to list all spells.
Aiming: Magic Dart (safe; 6% risk of failure)
Press: ? - help, Shift-Dir - straight line, f - centaur
Aim: a centaur, quivering 14 arrows (almost dead)
The magic dart hits the centaur.
The centaur is almost dead.
The centaur barely misses you. The centaur hits you!
* * * LOW HITPOINT WARNING * * *
You hit the centaur but do no damage. Your squeeze misses the centaur.
The centaur is almost dead.
The centaur hits you.
You die...

###############
#..............
#.#############
#.# ###
##########.#####.#
#..
......c@.........#
#.#
##########.####..#
#. #.# #. #.# #.
#.# #. #.. #Z ..#
.. 8..


You could see a centaur.

Vanquished Creatures
  2 crimson imps (D:5)
  An orc wizard (D:6)
  A worker ant (D:2)
  Robin (D:2)
  2 adders
  2 oozes
  An orc (D:6)
  2 ball pythons (D:2)
  A giant cockroach (D:3)
  5 hobgoblins
  2 jackals (D:2)
  2 quokkas
  5 bats
  2 frilled lizards (D:3)
  4 goblins
  6 kobolds
  3 rats
42 creatures vanquished.

Notes
Turn   | Place    | Note
-------+----------+-------------------------------------------
     0 | D:1      | Esekla the Octopode Wizard began the quest for the Orb.
     0 | D:1      | Reached XP level 1. HP: 11/11 MP: 4/4
     3 | D:1      | Noticed an electric eel
     3 | D:1      | Noticed an electric eel
   240 | D:1      | Reached XP level 2. HP: 11/17 MP: 3/6
   245 | D:1      | Learned a level 2 spell: Blink
   788 | D:2      | Reached XP level 3. HP: 8/22 MP: 4/8
   806 | D:2      | Learned a level 3 spell: Mephitic Cloud
   810 | D:2      | Learned a level 3 spell: Conjure Flame
   931 | D:2      | Reached skill level 4 in Spellcasting
  1062 | D:2      | Reached XP level 4. HP: 27/27 MP: 8/10
  1848 | D:2      | Noticed Robin
  1854 | D:2      | Killed Robin
  1889 | D:4      | Noticed Menkaure
  2122 | D:3      | Reached skill level 1 in Fighting
  2249 | D:3      | Reached skill level 1 in Poison Magic
  2303 | D:5      | Entered Level 5 of the Dungeon
  2355 | D:5      | Reached XP level 5. HP: 26/33 MP: 11/11
  2371 | D:5      | Reached skill level 1 in Short Blades
  2377 | D:5      | Noticed an ice beast
  2645 | D:6      | Reached skill level 1 in Air Magic
  2858 | D:6      | Noticed a centaur
  2871 | D:6      | HP: 1/33 [centaur (9)]
  2872 | D:6      | Slain by a centaur

Illustrated notes

Levels and vault maps discovered:
D:1:      arrival_aquarium_b, layout_basic
D:2:      layout_loops_corners, uniq_robin
D:3:      layout_basic, roderic_batcave, minmay_misc_feat_square
D:4:      layout_rooms, minmay_temple_entry_grid, first_ration,
          uniq_crazy_yiuf_cottage, uniq_menkaure
D:5:      layout_gridville
D:6:      layout_loops_ring, serial_shops, nicolae_shop_statue_plus

Skill      XL: |  1  2  3  4  5 |
---------------+----------------+-----
Spellcasting   | 4 |  4.3
Fighting       | 1 |  1.3
Poison Magic   | 1 |  1.5
Short Blades   | 1 |  1.3
Air Magic      | 1 |  1.0
Dodging        | |  2.3
Stealth        | |  2.6
Conjurations   | |  1.5
Summonings     | |  1.0
Translocations | |  1.9

Action                   |  1- 3 |  4- 6 || total
-------------------------+-------+-------++-------
Melee: Unarmed           |    10 |       ||    10
       Constrict         |    10 |     8 ||    18
       Short sword       |    31 |     3 ||    34
       Tentacles         |     1 |     7 ||     8
       Dagger            |       |    50 ||    50
 Cast: Magic Dart        |    35 |    17 ||    52
  Use: Potion            |     1 |       ||     1
 Stab: Sleeping          |       |     3 ||     3
  Eat: Chunk             |       |     3 ||     3
       Ration            |       |     1 ||     1
Armor: Skin              |     8 |     1 ||     9
Dodge: Dodged            |    37 |    28 ||    65

Table legend:
 A = Non-vault XP
 B = Vault XP
 C = Vault XP percentage of total XP
 D = Non-vault monster count
 E = Vault monster count
 F = Vault count percentage of total count
                 A         B        C        D         E       F
            +---------+---------+-------+---------+---------+-------
      Total |     259 |      18 |   6.5 |      40 |       2 |   4.8
            +---------+---------+-------+---------+---------+-------
        D:1 |      13 |       0 |   0.0 |       6 |       0 |   0.0
        D:2 |      76 |      18 |  19.1 |      19 |       2 |   9.5
        D:3 |      18 |       0 |   0.0 |       9 |       0 |   0.0
        D:4 |       2 |       0 |   0.0 |       1 |       0 |   0.0
        D:5 |      94 |       0 |   0.0 |       2 |       0 |   0.0
        D:6 |      56 |       0 |   0.0 |       3 |       0 |   0.0
            +---------+---------+-------+---------+---------+-------
